[Event "SC Kreuzberg IM 2018"]
[Site "Berlin"]
[Date "2018.08.05"]
[Round "1.1"]
[White "Glantz, Robert"]
[Black "Brunello, Marina"]
[Result "0-1"]
[ECO "B94"]
[WhiteElo "2336"]
[BlackElo "2280"]
[Annotator "NA"]
[PlyCount "84"]
[EventDate "2018.08.06"]
[EventType "tourn"]
[EventCountry "GER"]
[SourceTitle "playchess.com"]
[Source "ChessBase"]
[SourceQuality "1"]
[TimeControl "40/5400+30:1800+30"]

1. e4 c5 2. Nf3 d6 3. d4 cxd4 4. Nxd4 Nf6 5. Nc3 a6 6. Bg5 Nbd7 7. f4 Qc7 8. Qf3 h6 9. Bxf6 Nxf6 10. f5 Qc5 11. O-O-O g5 12. fxg6 Bg4 13. gxf7+ Kxf7 14. Qd3 Bxd1 15. Nxd1 Bg7 16. g3 Nxe4 17. Qxe4 Qxd4 18. Bc4+ Ke8 19. Qxb7 Qa7 20. Qd5 Kd8 21. Re1 Rb8 22. c3 Rf8 23. Qd3 a5 24. Qh7 Bf6 25. h4 Rh8 26. Qf7 Qc5 27. a4 Rc8 28. Bd5 Qd4 29. Re4 Qd3 30. Re3 Qh7 31. Qe6 Qg7 32. Kb1 Be5 33. Bb7 Rc7 34. Qd5 Qg6+ 35. Re4 Rc5 36. Qb3 Kc7 37. h5 Qxh5 38. Ne3 Rb8 39. Nd5+ Rxd5 40. Qxd5 Rxb7 41. Rc4+ Kb8 42. Qxa5 Qd1+ 0-1

[Event "SC Kreuzberg IM 2018"]
[Site "Berlin"]
[Date "2018.08.05"]
[Round "1.3"]
[White "Berger, Steve"]
[Black "Moritz, Aron"]
[Result "1/2-1/2"]
[ECO "B23"]
[WhiteElo "2428"]
[BlackElo "2199"]
[Annotator "NA"]
[PlyCount "96"]
[EventDate "2018.08.06"]
[EventType "tourn"]
[EventCountry "GER"]
[SourceTitle "playchess.com"]
[Source "ChessBase"]
[SourceQuality "1"]
[TimeControl "40/5400+30:1800+30"]

1. e4 c5 2. Nc3 Nc6 3. Nge2 g6 4. h4 h5 5. d4 cxd4 6. Nxd4 Bg7 7. Nb3 Nf6 8. Bg5 O-O 9. Be2 d6 10. O-O a6 11. a4 $15 Be6 12. Re1 Rc8 13. Bf1 Ne5 14. Nd5 Nc4 15. Bxc4 Rxc4 16. c3 Re8 17. Nd4 Bxd5 18. exd5 Rc5 19. Qf3 Qc8 20. Bxf6 Bxf6 21. Nb3 Rc4 22. g3 Qh3 23. Nd2 Rcc8 24. Re3 Kg7 25. Ne4 Qf5 26. Qd1 Red8 27. Qd3 Be5 28. Rae1 Qg4 29. Kg2 Rb8 30. b3 b5 31. axb5 axb5 32. R1e2 Rdc8 33. f3 Qf5 34. Ra2 Rc7 35. Ra6 Rbc8 36. Rc6 Rxc6 37. dxc6 b4 38. cxb4 Rxc6 39. b5 Rb6 40. Qc4 Qd7 41. Nc3 Bxc3 42. Qxc3+ f6 43. Qa5 Rxb5 44. Rxe7+ Qxe7 45. Qxb5 Qe3 46. Qd7+ Kh6 47. Qxd6 Qe2+ 48. Kg1 Qe1+ 1/2-1/2

[Event "SC Kreuzberg IM 2018"]
[Site "Berlin"]
[Date "2018.08.05"]
[Round "1.4"]
[White "Barath, Madhan"]
[Black "Muse, Drazen"]
[Result "0-1"]
[ECO "C41"]
[WhiteElo "2307"]
[BlackElo "2361"]
[Annotator "NA"]
[PlyCount "72"]
[EventDate "2018.08.06"]
[EventType "tourn"]
[EventCountry "GER"]
[SourceTitle "playchess.com"]
[Source "ChessBase"]
[SourceQuality "1"]
[TimeControl "40/5400+30:1800+30"]

1. d4 d6 2. e4 Nf6 3. Nc3 e5 4. Nf3 exd4 5. Nxd4 Be7 6. Be2 O-O 7. O-O Re8 8. f4 Bf8 9. Bf3 Na6 10. Nb3 c6 11. Kh1 Nc7 12. Re1 d5 13. e5 Nd7 14. Nd4 Nb6 15. a4 f6 16. b3 fxe5 17. fxe5 Bb4 18. Bd2 Qh4 19. Nce2 Bxd2 20. Qxd2 Rxe5 21. Ng3 Nd7 22. Ngf5 Qf6 23. Qf4 Ne6 24. Qg3 Nxd4 25. Nxd4 Rxe1+ 26. Qxe1 Ne5 27. Rd1 Bg4 28. Bxg4 Nxg4 29. Nf3 Qf5 30. h3 Nf6 31. Nd4 Qe4 32. Qd2 Re8 33. Qa5 Qf4 34. Qxa7 Qf2 35. Qa5 Nh5 36. Qc7 Nf4 0-1

[Event "SC Kreuzberg IM 2018"]
[Site "Berlin"]
[Date "2018.08.05"]
[Round "1.5"]
[White "Malek, Daniel"]
[Black "Sandu, Mihaela"]
[Result "1-0"]
[ECO "A19"]
[WhiteElo "2383"]
[BlackElo "2268"]
[Annotator "NA"]
[PlyCount "59"]
[EventDate "2018.08.06"]
[EventType "tourn"]
[EventCountry "GER"]
[SourceTitle "playchess.com"]
[Source "ChessBase"]
[SourceQuality "1"]
[TimeControl "40/5400+30:1800+30"]

1. c4 e6 2. Nc3 Nf6 3. e4 c5 4. f4 Nc6 5. Nf3 Be7 6. g3 d5 7. e5 Ng4 8. b3 d4 9. Ne4 d3 10. Ba3 f5 11. Nf2 Nxf2 12. Kxf2 b6 13. Qb1 Bb7 14. Qxd3 g5 15. Rg1 Qxd3 16. Bxd3 Rd8 17. Ne1 Rg8 18. Rf1 gxf4 19. gxf4 Bh4+ 20. Ke3 Rg7 21. Nf3 Rgd7 22. Be2 Nd4 23. Nxh4 Nc2+ 24. Kf2 Nxa3 25. d3 Nc2 26. Rad1 Nb4 27. a3 Nxd3+ 28. Ke3 Be4 29. Rg1 a5 30. Rg8+ 1-0

[Event "SC Kreuzberg IM 2018"]
[Site "Berlin"]
[Date "2018.08.05"]
[Round "2.1"]
[White "Brunello, Marina"]
[Black "Sandu, Mihaela"]
[Result "0-1"]
[ECO "B43"]
[WhiteElo "2280"]
[BlackElo "2268"]
[Annotator "NA"]
[PlyCount "78"]
[EventDate "2018.08.06"]
[EventType "tourn"]
[EventCountry "GER"]
[SourceTitle "playchess.com"]
[Source "ChessBase"]
[SourceQuality "1"]
[TimeControl "40/5400+30:1800+30"]

1. e4 c5 2. Nf3 e6 3. d4 cxd4 4. Nxd4 a6 5. Nc3 b5 6. Bd3 Qb6 7. Nf3 Qc7 8. O-O Bb7 9. Re1 Ne7 10. Bxb5 Ng6 11. Bd3 Be7 12. Be3 Nc6 13. Na4 Nce5 14. Nxe5 Nxe5 15. f4 Ng6 16. Qd2 O-O 17. b3 f5 18. e5 Nh4 19. Bf1 g5 20. Rad1 Bc6 21. Bb6 Qc8 22. Be3 gxf4 23. Bxf4 Kh8 24. Kh1 Rg8 25. Re2 Qe8 26. Rf2 Rg4 27. h3 Rg7 28. Qe2 Qg8 29. Kh2 Qb8 30. Rd3 Qb7 31. Rg3 Rxg3 32. Bxg3 Rg8 33. Nb2 Ng6 34. Nd3 Be4 35. Qe3 Qc8 36. c4 Qf8 37. Be2 Qg7 38. Bf3 Bxd3 39. Rd2 f4 0-1

[Event "SC Kreuzberg IM 2018"]
[Site "Berlin"]
[Date "2018.08.05"]
[Round "2.2"]
[White "Muse, Drazen"]
[Black "Malek, Daniel"]
[Result "1/2-1/2"]
[ECO "A06"]
[WhiteElo "2361"]
[BlackElo "2383"]
[Annotator "NA"]
[PlyCount "119"]
[EventDate "2018.08.06"]
[EventType "tourn"]
[EventCountry "GER"]
[SourceTitle "playchess.com"]
[Source "ChessBase"]
[SourceQuality "1"]
[TimeControl "40/5400+30:1800+30"]

1. Nf3 Nf6 2. e3 d5 3. b3 Bf5 4. Bb2 e6 5. h3 h6 6. Be2 Be7 7. d3 c5 8. Ne5 Nbd7 9. Nxd7 Qxd7 10. Nd2 Bh7 11. a4 Rd8 12. O-O O-O 13. f4 Qc7 14. Qe1 Nd7 15. Kh1 Bf6 16. Bxf6 Nxf6 17. Qh4 Ne8 18. g4 Nd6 19. Nf3 a6 20. Rg1 Rfe8 21. g5 Nf5 22. Qf2 hxg5 23. Nxg5 e5 24. Nxh7 Kxh7 25. Rg5 Nh6 26. Rag1 g6 27. f5 Rd6 28. Qg3 Qc6 29. fxg6+ Rxg6 30. Bh5 Rxg5 31. Qxg5 Rg8 32. Qxe5 Qd7 33. Bg4 Nxg4 34. Rxg4 Rg6 35. Rh4+ Rh6 36. Rxh6+ Kxh6 37. Qf6+ Kh7 38. Kg2 Kg8 39. Qg5+ Kf8 40. h4 c4 41. h5 cxd3 42. cxd3 Qc6 43. h6 d4+ 44. Kg3 Qd6+ 45. Kf3 dxe3 46. h7 Qc6+ 47. Kg3 Qd6+ 48. Kh3 Qd7+ 49. Kh4 Qd4+ 50. Kh5 e2 51. Qg3 Qd5+ 52. Kh4 Qh1+ 53. Kg5 Kg7 54. Qe5+ Kxh7 55. Qxe2 Qh6+ 56. Kg4 Qg6+ 57. Kf4 Qd6+ 58. Kg4 Qg6+ 59. Kf3 Z0 60. d4 1/2-1/2

[Event "SC Kreuzberg IM 2018"]
[Site "Berlin"]
[Date "2018.08.05"]
[Round "2.3"]
[White "Moritz, Aron"]
[Black "Barath, Madhan"]
[Result "1/2-1/2"]
[ECO "B90"]
[WhiteElo "2199"]
[BlackElo "2307"]
[Annotator "NA"]
[PlyCount "63"]
[EventDate "2018.08.06"]
[EventType "tourn"]
[EventCountry "GER"]
[SourceTitle "playchess.com"]
[Source "ChessBase"]
[SourceQuality "1"]
[TimeControl "40/5400+30:1800+30"]

1. e4 c5 2. Nf3 d6 3. d4 cxd4 4. Nxd4 Nf6 5. Nc3 a6 6. Be3 e5 7. Nb3 Be7 8. Qd2 Be6 9. O-O-O O-O 10. f4 b5 11. f5 Bd7 12. g4 b4 13. Nd5 Nxd5 14. Qxd5 Bc6 15. Qc4 a5 16. Kb1 a4 17. Nc1 b3 18. g5 Bxg5 19. Bxg5 Qxg5 20. Rxd6 Rc8 21. f6 Nd7 22. Bh3 bxc2+ 23. Ka1 a3 24. Rxc6 axb2+ 25. Kxb2 Nb6 26. Rxc8+ Rxc8 27. Qb4 Nc4+ 28. Kxc2 Na3+ 29. Kb2 Nc4+ 30. Ka1 Qe3 31. Rd1 Qxh3 32. Qxc4 1/2-1/2

[Event "SC Kreuzberg IM 2018"]
[Site "Berlin"]
[Date "2018.08.05"]
[Round "4.1"]
[White "Brunello, Marina"]
[Black "Muse, Drazen"]
[Result "1-0"]
[ECO "B06"]
[WhiteElo "2280"]
[BlackElo "2361"]
[Annotator "NA"]
[PlyCount "125"]
[EventDate "2018.08.06"]
[EventType "tourn"]
[EventCountry "GER"]
[SourceTitle "playchess.com"]
[Source "ChessBase"]
[SourceQuality "1"]
[TimeControl "40/5400+30:1800+30"]

1. e4 g6 2. d4 Bg7 3. Nc3 a6 4. Nf3 d6 5. Be3 Nd7 6. Bd3 Ngf6 7. Qd2 Ng4 8. Bg5 h6 9. Bh4 g5 10. Bg3 c5 11. Ne2 cxd4 12. Nfxd4 Nc5 13. h4 Ne5 14. hxg5 hxg5 15. O-O-O Rxh1 16. Rxh1 Qb6 17. Rh7 Bf6 18. Bxe5 Nxd3+ 19. Qxd3 dxe5 20. Qc4 e6 21. Nf5 Bd7 22. Ne3 Rc8 23. Qd3 Bb5 24. Qd1 Rd8 25. Qe1 Be7 26. Ng4 Qc5 27. Nc3 Bc4 28. Nh6 g4 29. Rh8+ Kd7 30. Qd2+ Qd4 31. Rxd8+ Kxd8 32. Nxg4 Ke8 33. Qh6 b5 34. Qh8+ Bf8 35. Qxe5 Qxe5 36. Nxe5 Bf1 37. g3 Bg2 38. a3 Bc5 39. Nd3 Bd4 40. Ne2 Bb6 41. e5 Be4 42. f4 Be3+ 43. Kd1 Bf3 44. Ke1 Kd7 45. Nc3 Kc7 46. Nd1 Bd4 47. Kd2 Kb7 48. Ne3 Kc7 49. c3 Bb6 50. Nb4 Bb7 51. Nbc2 Kd7 52. Nd4 Be4 53. Ng4 Bb1 54. Ke3 Bc5 55. Nf6+ Kc7 56. Ne4 Bb6 57. b4 Kd8 58. Nc5 Bxc5 59. bxc5 Ba2 60. g4 Bd5 61. f5 exf5 62. gxf5 Kd7 63. Kf4 1-0

[Event "SC Kreuzberg IM 2018"]
[Site "Berlin"]
[Date "2018.08.05"]
[Round "4.2"]
[White "Moritz, Aron"]
[Black "Sandu, Mihaela"]
[Result "0-1"]
[ECO "B82"]
[WhiteElo "2199"]
[BlackElo "2268"]
[Annotator "NA"]
[PlyCount "110"]
[EventDate "2018.08.06"]
[EventType "tourn"]
[EventCountry "GER"]
[SourceTitle "playchess.com"]
[Source "ChessBase"]
[SourceQuality "1"]
[TimeControl "40/5400+30:1800+30"]

1. e4 c5 2. Nf3 d6 3. d4 cxd4 4. Nxd4 Nf6 5. Nc3 a6 6. Be3 e6 7. f4 b5 8. Qf3 Bb7 9. Bd3 Nbd7 10. g4 b4 11. Nce2 Nc5 12. Ng3 Nfd7 13. O-O g6 14. g5 Bg7 15. a3 Nxd3 16. cxd3 bxa3 17. bxa3 O-O 18. Rab1 Rb8 19. Qf2 Nc5 20. Nb3 Na4 21. Ba7 Rc8 22. Bd4 e5 23. Be3 exf4 24. Qxf4 Be5 25. Qf2 Nc3 26. Rbe1 d5 27. Bc5 Bd6 28. e5 Be7 29. Bxe7 Qxe7 30. Qf6 Rc7 31. Nd4 Bc8 32. Rc1 Qc5 33. Rf4 Qxa3 34. Rcf1 Qe7 35. Rh4 Qxf6 36. exf6 Re8 37. Rff4 Nd1 38. Rh6 Rc1 39. Nde2 Rb1 40. h3 Nc3+ 41. Kf2 Nxe2 42. Rfh4 Nxg3 43. Kxg3 Rg1+ 44. Kf4 Rf1+ 45. Kg3 Rf5 46. Rxh7 Rxg5+ 47. Kf4 Rf5+ 48. Kg3 Re3+ 49. Kg2 Rh5 50. Rg7+ Kf8 51. Rxh5 gxh5 52. Rh7 Ke8 53. Rh8+ Kd7 54. Rf8 Re8 55. Rxf7+ Ke6 0-1

[Event "SC Kreuzberg IM 2018"]
[Site "Berlin"]
[Date "2018.08.05"]
[Round "4.4"]
[White "Glantz, Robert"]
[Black "Barath, Madhan"]
[Result "0-1"]
[ECO "E60"]
[WhiteElo "2336"]
[BlackElo "2307"]
[Annotator "NA"]
[PlyCount "58"]
[EventDate "2018.08.06"]
[EventType "tourn"]
[EventCountry "GER"]
[SourceTitle "playchess.com"]
[Source "ChessBase"]
[SourceQuality "1"]
[TimeControl "40/5400+30:1800+30"]

1. Nf3 Nf6 2. b3 d6 3. d4 g6 4. Bb2 Bg7 5. g3 O-O 6. Bg2 c5 7. c4 Nc6 8. O-O Ne4 9. h3 f5 10. e3 e5 11. Na3 exd4 12. exd4 Ng5 13. Nc2 f4 14. g4 Nxh3+ 15. Bxh3 h5 16. Nh2 f3 17. Re1 hxg4 18. Kh1 Qh4 19. Bxg4 Bxg4 20. Rg1 Bh3 21. Rg3 Bg2+ 22. Kg1 Rf5 23. Rg4 Qh3 24. Ne3 Rh5 25. Rxg2 fxg2 26. Neg4 cxd4 27. Bc1 Ne5 28. Bf4 Nxg4 29. Qxg4 Qxg4 0-1

[Event "SC Kreuzberg IM 2018"]
[Site "Berlin"]
[Date "2018.08.05"]
[Round "4.5"]
[White "Meissner, Felix"]
[Black "Berger, Steve"]
[Result "1/2-1/2"]
[ECO "C07"]
[WhiteElo "2330"]
[BlackElo "2428"]
[Annotator "NA"]
[PlyCount "21"]
[EventDate "2018.08.06"]
[EventType "tourn"]
[EventCountry "GER"]
[SourceTitle "playchess.com"]
[Source "ChessBase"]
[SourceQuality "1"]
[TimeControl "40/5400+30:1800+30"]

1. e4 e6 2. d4 d5 3. Nd2 c5 4. exd5 Qxd5 5. Ngf3 cxd4 6. Bc4 Qd7 7. O-O Nc6 8. Nb3 Nf6 9. Nbxd4 Nxd4 10. Qxd4 Qxd4 11. Nxd4 1/2-1/2

[Event "SC Kreuzberg IM 2018"]
[Site "Berlin"]
[Date "2018.08.05"]
[Round "5.2"]
[White "Barath, Madhan"]
[Black "Meissner, Felix"]
[Result "0-1"]
[ECO "E32"]
[WhiteElo "2307"]
[BlackElo "2330"]
[Annotator "NA"]
[PlyCount "98"]
[EventDate "2018.08.06"]
[EventType "tourn"]
[EventCountry "GER"]
[SourceTitle "playchess.com"]
[Source "ChessBase"]
[SourceQuality "1"]
[TimeControl "40/5400+30:1800+30"]

1. d4 Nf6 2. c4 e6 3. Nc3 Bb4 4. Qc2 O-O 5. e4 d6 6. Bd3 e5 7. a3 Bxc3+ 8. bxc3 c5 9. d5 Nh5 10. Ne2 Qh4 11. O-O Nd7 12. g3 Qh3 13. f3 g6 14. g4 Ng7 15. Ng3 h5 16. Qe2 Qh4 17. g5 f6 18. f4 fxg5 19. fxg5 Rf4 20. Kh1 Nf8 21. Qe3 Rxf1+ 22. Nxf1 Nh7 23. Ra2 Bh3 24. Ng3 Rf8 25. Rf2 Rxf2 26. Qxf2 Qg4 27. Be2 Qc8 28. Nxh5 Nxh5 29. Bxh5 gxh5 30. g6 Qd7 31. gxh7+ Kxh7 32. Bg5 Kg8 33. Qg3 Bg4 34. Bf6 Qh7 35. Qe3 Qg6 36. Bg5 Bd1 37. h4 Bc2 38. Kh2 Bxe4 39. Qf2 b6 40. Be7 Kh7 41. Bg5 Bf5 42. Qf3 Qf7 43. Qf2 Kg8 44. Qe3 Kf8 45. Kg2 Ke8 46. Qd2 Be4+ 47. Kg1 Qf3 48. Qh2 Qd1+ 49. Kf2 Qc2+ 0-1

[Event "SC Kreuzberg IM 2018"]
[Site "Berlin"]
[Date "2018.08.05"]
[Round "5.3"]
[White "Malek, Daniel"]
[Black "Glantz, Robert"]
[Result "1-0"]
[ECO "E73"]
[WhiteElo "2383"]
[BlackElo "2336"]
[Annotator "NA"]
[PlyCount "95"]
[EventDate "2018.08.06"]
[EventType "tourn"]
[EventCountry "GER"]
[SourceTitle "playchess.com"]
[Source "ChessBase"]
[SourceQuality "1"]
[TimeControl "40/5400+30:1800+30"]

1. c4 Nf6 2. Nc3 g6 3. d4 Bg7 4. e4 d6 5. Be2 O-O 6. Be3 c5 7. d5 e6 8. Nf3 exd5 9. cxd5 Bg4 10. Nd2 Bxe2 11. Qxe2 Re8 12. O-O Na6 13. Kh1 Nc7 14. a4 Qe7 15. Rae1 Nd7 16. f4 Bxc3 17. bxc3 Nf6 18. Qd1 Nxe4 19. Bxc5 f5 20. Nxe4 fxe4 21. Bd4 Nxd5 22. f5 g5 23. Qh5 Nf4 24. Qh6 Nd3 25. Rxe4 Ne5 26. Bxe5 dxe5 27. f6 Qf7 28. Qxg5+ Kh8 29. Rxe5 Rxe5 30. Qxe5 Re8 31. Qd4 b6 32. h3 Rf8 33. Rf5 Re8 34. Re5 Rf8 35. Rd5 Qxf6 36. Rf5 Qxd4 37. Rxf8+ Kg7 38. cxd4 Kxf8 39. Kg1 Ke7 40. Kf2 Ke6 41. Ke3 a6 42. g4 b5 43. axb5 axb5 44. h4 b4 45. Kd3 b3 46. h5 h6 47. Kc3 Kd5 48. g5 1-0

[Event "SC Kreuzberg IM 2018"]
[Site "Berlin"]
[Date "2018.08.05"]
[Round "5.5"]
[White "Muse, Drazen"]
[Black "Moritz, Aron"]
[Result "1/2-1/2"]
[ECO "A48"]
[WhiteElo "2361"]
[BlackElo "2199"]
[Annotator "NA"]
[PlyCount "69"]
[EventDate "2018.08.06"]
[EventType "tourn"]
[EventCountry "GER"]
[SourceTitle "playchess.com"]
[Source "ChessBase"]
[SourceQuality "1"]
[TimeControl "40/5400+30:1800+30"]

1. d4 Nf6 2. Nf3 g6 3. Bg5 Bg7 4. Nbd2 c5 5. Bxf6 Bxf6 6. Ne4 Qb6 7. Nxf6+ Qxf6 8. d5 Qxb2 9. e4 Qc3+ 10. Nd2 O-O 11. Bd3 f5 12. O-O f4 13. Rb1 d6 14. Re1 Nd7 15. Bb5 Ne5 16. Rb3 Qa5 17. Nc4 Qc7 18. Nxe5 dxe5 19. Be2 Rb8 20. c4 Bd7 21. Qd2 Rf6 22. h3 Kg7 23. Ra1 h5 24. a4 a5 25. Qb2 Kh6 26. Qb1 b6 27. Ra2 Rg8 28. Qd1 Rgf8 29. Rd3 Qd6 30. Rb2 Rg8 31. Ra2 Rgf8 32. Qd2 Kh7 33. Ra1 Kg7 34. Raa3 Kh7 35. Qd1 1/2-1/2

[Event "SC Kreuzberg IM 2018"]
[Site "Berlin"]
[Date "2018.08.05"]
[Round "6.1"]
[White "Brunello, Marina"]
[Black "Moritz, Aron"]
[Result "1-0"]
[ECO "B08"]
[WhiteElo "2280"]
[BlackElo "2199"]
[Annotator "NA"]
[PlyCount "73"]
[EventDate "2018.08.06"]
[EventType "tourn"]
[EventCountry "GER"]
[SourceTitle "playchess.com"]
[Source "ChessBase"]
[SourceQuality "1"]
[TimeControl "40/5400+30:1800+30"]

1. e4 g6 2. d4 Bg7 3. Nc3 d6 4. Nf3 a6 5. Be3 Nf6 6. a4 O-O 7. Bd3 Nc6 8. d5 Ne5 9. Nxe5 dxe5 10. a5 e6 11. dxe6 Bxe6 12. O-O Qd6 13. Na4 Qc6 14. f3 Rad8 15. Nc5 Nh5 16. b4 Nf4 17. Qb1 Nxd3 18. cxd3 Bc8 19. Rc1 Qb5 20. Rc4 b6 21. axb6 cxb6 22. Na4 Be6 23. Nxb6 Bxc4 24. dxc4 Qc6 25. Rxa6 f5 26. b5 Qc7 27. Qc2 fxe4 28. Qxe4 Rd1+ 29. Kf2 Rfd8 30. Nd5 Qf7 31. Ra7 Qf8 32. b6 Kh8 33. b7 Qe8 34. Qc2 Rh1 35. Qa4 Rb1 36. Qxe8+ Rxe8 37. Ra8 1-0

[Event "SC Kreuzberg IM 2018"]
[Site "Berlin"]
[Date "2018.08.05"]
[Round "6.3"]
[White "Glantz, Robert"]
[Black "Sandu, Mihaela"]
[Result "0-1"]
[ECO "B51"]
[WhiteElo "2336"]
[BlackElo "2268"]
[Annotator "NA"]
[PlyCount "44"]
[EventDate "2018.08.06"]
[EventType "tourn"]
[EventCountry "GER"]
[SourceTitle "playchess.com"]
[Source "ChessBase"]
[SourceQuality "1"]
[TimeControl "40/5400+30:1800+30"]

1. e4 c5 2. Nf3 d6 3. Bb5+ Nd7 4. O-O a6 5. Bd3 Ngf6 6. Re1 g6 7. c3 Bg7 8. Bc2 e5 9. d4 O-O 10. Nbd2 b5 11. Nf1 Bb7 12. Ng3 cxd4 13. cxd4 exd4 14. Nxd4 Re8 15. Bf4 Ne5 16. Qd2 Nc4 17. Qb4 Nh5 18. Nxh5 Bxd4 19. Ng3 Qf6 20. Ne2 Bxb2 21. Rad1 Bxe4 22. Bxe4 Rxe4 0-1

[Event "SC Kreuzberg IM 2018"]
[Site "Berlin"]
[Date "2018.08.05"]
[Round "6.4"]
[White "Meissner, Felix"]
[Black "Malek, Daniel"]
[Result "1/2-1/2"]
[ECO "C01"]
[WhiteElo "2330"]
[BlackElo "2383"]
[Annotator "NA"]
[PlyCount "80"]
[EventDate "2018.08.06"]
[EventType "tourn"]
[EventCountry "GER"]
[SourceTitle "playchess.com"]
[Source "ChessBase"]
[SourceQuality "1"]
[TimeControl "40/5400+30:1800+30"]

1. e4 e6 2. d4 d5 3. Bd3 dxe4 4. Bxe4 Nf6 5. Bf3 Nbd7 6. Nc3 Bd6 7. Nb5 Bb4+ 8. c3 Ba5 9. Bf4 O-O 10. Ne2 c6 11. Na3 Bc7 12. Nc4 Bxf4 13. Nxf4 Qc7 14. Nd3 c5 15. Rc1 Rb8 16. O-O b5 17. Nce5 Nxe5 18. Nxe5 Bb7 19. Bxb7 Rxb7 20. Qf3 Rb6 21. Rfd1 Rd6 22. Qe2 cxd4 23. cxd4 Qb6 24. Nf3 a6 25. Qe5 Rfd8 26. Rd3 h6 27. Rdc3 Nd5 28. Rc8 Ne7 29. Rxd8+ Qxd8 30. Qe4 Nf5 31. Qb7 Qf6 32. Rc8+ Kh7 33. Qb8 Rxd4 34. Nxd4 Qxd4 35. h3 Qxb2 36. Qa7 Qa1+ 37. Kh2 Qe5+ 38. Kg1 Qa1+ 39. Kh2 Qe5+ 40. Kg1 Qa1+ 1/2-1/2

[Event "SC Kreuzberg IM 2018"]
[Site "Berlin"]
[Date "2018.08.05"]
[Round "6.5"]
[White "Berger, Steve"]
[Black "Barath, Madhan"]
[Result "1-0"]
[ECO "B23"]
[WhiteElo "2428"]
[BlackElo "2307"]
[Annotator "NA"]
[PlyCount "75"]
[EventDate "2018.08.06"]
[EventType "tourn"]
[EventCountry "GER"]
[SourceTitle "playchess.com"]
[Source "ChessBase"]
[SourceQuality "1"]
[TimeControl "40/5400+30:1800+30"]

1. e4 c5 2. Nc3 d6 3. f4 g6 4. Nf3 Bg7 5. Bb5+ Bd7 6. Bc4 Nc6 7. O-O Na5 8. Be2 Nf6 9. d3 Nc6 10. Qe1 O-O 11. Be3 Ng4 12. Bd2 Nd4 13. Bd1 f5 14. exf5 gxf5 15. h3 Nf6 16. Rb1 Re8 17. b4 b6 18. bxc5 bxc5 19. Nxd4 cxd4 20. Ne2 Nd5 21. c3 dxc3 22. Nxc3 Nb6 23. Bb3+ e6 24. Ne2 Kh8 25. Bc3 Qe7 26. Nd4 Rac8 27. Ba1 h6 28. Qa5 Rc5 29. Qxa7 Nd5 30. Rbe1 Qf7 31. Ba4 Rc7 32. Qa5 Rc5 33. Qa6 Bxa4 34. Qxa4 Rcc8 35. Kh1 Ra8 36. Qc6 Rxa2 37. Nxf5 Bxa1 38. Nxd6 1-0

[Event "SC Kreuzberg IM 2018"]
[Site "Berlin"]
[Date "2018.08.05"]
[Round "7.4"]
[White "Muse, Drazen"]
[Black "Glantz, Robert"]
[Result "1/2-1/2"]
[ECO "E61"]
[WhiteElo "2361"]
[BlackElo "2336"]
[Annotator "NA"]
[PlyCount "142"]
[EventDate "2018.08.06"]
[EventType "tourn"]
[EventCountry "GER"]
[SourceTitle "playchess.com"]
[Source "ChessBase"]
[SourceQuality "1"]
[TimeControl "40/5400+30:1800+30"]

1. Nf3 Nf6 2. c4 g6 3. Nc3 Bg7 4. d4 O-O 5. Bg5 d6 6. e3 c5 {[%emt 1:25:06] LiveBook: 446 Games} 7. Be2 cxd4 8. exd4 Bf5 {[%emt 1:15:48] E61: King's Indian: Early deviations for White, including Smyslov System} 9. O-O Ne4 10. Nxe4 Bxe4 11. Qd2 Nc6 12. d5 Bxf3 13. Bxf3 Ne5 14. Be2 a5 15. Rac1 $146 ({Predecessor:} 15. Rfe1 Re8 16. Rac1 Nd7 17. Bg4 Nc5 18. Re2 Bf6 19. Be3 Rb8 20. Bxc5 dxc5 21. a4 {½-½ (21) Abrashkin,B (2379)-Kruppa,Y (2544) Samara 2002}) 15... Nd7 16. Rfe1 Nc5 17. Bf3 Re8 18. b3 Bf6 19. Be3 Qd7 20. Be2 Qf5 21. h3 h5 22. g4 hxg4 23. Bxg4 Qd3 24. Red1 Qxd2 25. Rxd2 Kg7 26. Bf3 Be5 27. Bg2 Rab8 28. f4 Bf6 29. Bf1 Rh8 30. Rb1 Rh5 31. a3 Ra8 32. Kh2 Rhh8 33. Rc2 Rhc8 34. b4 axb4 35. axb4 Nd7 36. c5 Ra3 37. Bc1 Rc3 38. Rxc3 Bxc3 39. Rb3 Bd4 40. Bb5 Nb8 41. c6 bxc6 42. dxc6 Nxc6 43. Bd2 Bb6 44. Rc3 Na7 45. Bd7 Rxc3 (45... Rd8 $17 46. Ba4 d5) 46. Bxc3+ f6 47. b5 Kf7 48. Bb4 d5 49. Kg3 e5 50. Bd6 e4 51. f5 gxf5 52. Kf4 e3 53. Bb4 {[%emt 0:49:38] [#]} (53. Kf3 $11 {hält das Gleichgewicht.}) 53... d4 $1 54. Bxf5 Nxb5 55. Bd3 Na7 56. Bc4+ Kg6 57. Bd3+ Kg7 58. Bd6 Nc8 59. Ba3 Na7 60. Bd6 Nc6 61. Ke4 Kf7 ({Better is} 61... Na5 $17 62. Kf5 Bd8) 62. Bb5 (62. Kf5 $142) 62... Na7 63. Bc4+ (63. Bd7 $11) 63... Kg6 64. Bd3 Kg5 65. Be7 Nc6 {[%emt 0:03:18] [#]} 66. h4+ $1 Kxh4 67. Bxf6+ Kg3 $11 68. Bb5 Na7 69. Bd3 Nc6 70. Bb5 Na7 71. Bd3 Nc6 1/2-1/2

[Event "SC Kreuzberg IM 2018"]
[Site "Berlin"]
[Date "2018.08.05"]
[Round "9.3"]
[White "Muse, Drazen"]
[Black "Berger, Steve"]
[Result "1/2-1/2"]
[ECO "D41"]
[WhiteElo "2361"]
[BlackElo "2428"]
[Annotator "NA"]
[PlyCount "23"]
[EventDate "2018.08.06"]
[EventType "tourn"]
[EventCountry "GER"]
[SourceTitle "playchess.com"]
[Source "ChessBase"]
[SourceQuality "1"]
[TimeControl "40/5400+30:1800+30"]

1. d4 e6 2. Nf3 Nf6 3. c4 d5 4. Nc3 c5 5. cxd5 Nxd5 6. e4 Nxc3 7. bxc3 cxd4 8. cxd4 Bb4+ 9. Bd2 Bxd2+ 10. Qxd2 Z0 11. Qd1 Z0 12. Ng1 1/2-1/2

[Event "SC Kreuzberg IM 2018"]
[Site "Berlin"]
[Date "2018.08.05"]
[Round "9.4"]
[White "Moritz, Aron"]
[Black "Meissner, Felix"]
[Result "0-1"]
[ECO "B56"]
[WhiteElo "2199"]
[BlackElo "2330"]
[Annotator "RC"]
[PlyCount "110"]
[EventDate "2018.08.06"]
[EventType "tourn"]
[EventCountry "GER"]
[SourceTitle "playchess.com"]
[Source "ChessBase"]
[SourceQuality "1"]
[TimeControl "40/5400+30:1800+30"]

1. e4 c5 2. Nf3 d6 3. d4 cxd4 4. Nxd4 Nf6 5. Nc3 Nbd7 6. g3 a6 7. a4 b6 8. Bg2 Bb7 9. O-O e6 10. Re1 Rb8 11. f4 h5 12. h3 Qc7 13. Nd5 exd5 14. exd5+ Be7 15. Nf5 Ng8 16. Nxg7+ Kf8 17. Nf5 Bf6 18. Ra3 Ne7 19. Nxe7 Bxe7 20. Rc3 Qd8 21. Rce3 Bf6 22. g4 Bh4 23. Rf1 b5 24. axb5 hxg4 25. hxg4 Qb6 26. bxa6 Bxa6 27. Rff3 Re8 28. g5 Kg7 29. b3 f6 30. Bh3 Nf8 31. Kg2 Ng6 32. Be6 Rh5 33. Re4 Reh8 34. Bg4 R5h7 35. Be3 Qc7 36. Bd4 Rf8 37. Re6 Bc8 38. Rxf6 Bxg4 39. Rxd6+ Kf7 40. Rf6+ Ke8 41. Re3+ Re7 42. Rxf8+ Kxf8 43. Qxg4 Qxc2+ 44. Kh3 Rh7 45. Bg7+ Rxg7 46. f5 Qd2 47. Qf3 Rf7 48. d6 Bxg5 49. Qa8+ Kg7 50. Qa1+ Kh6 51. Re6 Qd3+ 52. Kg2 Qd5+ 53. Kg1 Qxf5 54. Qe1 Qg4+ 55. Kh1 Rh7 0-1